[Event "Titled Tuesday Blitz February 14 Late 2023"]
[White "Papp, Levente"]
[Black "Hoffmann, Asa"]
[WhiteFideId "751243"]
[BlackFideId "2001470"]
[WhiteElo "2353"]
[BlackElo "2185"]
[Result "1/2-1/2"]
[Round "04"]
[TimeControl "180+2"]
[Date "2023.02.14"]
[WhiteClock "0:00:04"]
[BlackClock "0:00:28"]

1. b3 d6 2. d4 Nd7 3. Nf3 Ngf6 4. Bb2 b6 5. g3 Bb7 6. Bg2 g6 7. O-O Bg7 8. c4 O-O 9. d5 a5 10. Qc2 Nc5 11. Nbd2 e5 12. dxe6 fxe6 13. Rad1 e5 14. Ng5 Bxg2 15. Kxg2 Qe8 16. Nge4 Qc6 17. f3 Nfxe4 18. Nxe4 Nxe4 19. Qxe4 Qxe4 20. fxe4 Bh6 21. Rf3 Rf7 22. Rd5 Raf8 23. a3 Rf6 24. Rd1 Kf7 25. Ra1 Ke6 26. b4 Ra8 27. b5 Rc8 28. Bc1 Bxc1 29. Rxc1 Rxf3 30. exf3 c6 31. bxc6 Rxc6 32. a4 Rc8 33. Kf2 Kd7 34. Ke3 Kc6 35. Rb1 Rb8 36. Rb5 Rf8 37. f4 exf4+ 38. gxf4 Re8 39. h4 Re7 40. h5 Re6 41. Rg5 Rf6 42. Rd5 Re6 43. Rb5 Rf6 44. Rg5 Re6 45. Kd4 Rf6 46. f5 gxf5 47. Rxf5 Re6 48. Ke3 Re5 49. Kf4 Rc5 50. h6 Rxc4 51. Rf7 d5 52. Rxh7 Rxe4+ 53. Kf5 Rh4 54. Rh8 Kc5 55. Kg6 Kb4 56. Rb8 Kxa4 57. Rxb6 d4 58. h7 d3 59. Kg7 d2 60. Rd6 Rg4+ 61. Kf7 Rf4+ 62. Kg8 Rg4+ 63. Kf8 Rf4+ 64. Kg7 Rh4 65. Rxd2 Kb3 66. Rd6 a4 67. Rh6 Rg4+ 68. Kf6 Rf4+ 69. Ke5 Rf8 70. h8=Q Rxh8 71. Rxh8 a3 72. Rb8+ Kc2 73. Ra8 Kb2 74. Rb8+ Kc2 75. Rc8+ Kb2 76. Rb8+ Kc2 1/2-1/2


[Site "https://www.chess.com"]

[Event "Titled Tuesday Blitz February 14 Late 2023"]
[White "Danielyan, Vahe"]
[Black "Kostiukov, Alexandr"]
[WhiteFideId "13304828"]
[BlackFideId "14108100"]
[WhiteElo "2346"]
[BlackElo "2271"]
[Result "0-1"]
[Round "04"]
[TimeControl "180+2"]
[Date "2023.02.14"]
[WhiteClock "0:00:01"]
[BlackClock "0:00:28"]

1. c4 c5 2. g3 Nf6 3. Bg2 g6 4. Nc3 Bg7 5. e3 O-O 6. Nge2 Nc6 7. O-O e5 8. d3 d6 9. a3 Bg4 10. h3 Be6 11. Nd5 Qd7 12. Kh2 Ne7 13. Nec3 Bxd5 14. cxd5 b5 15. b4 Rfc8 16. Bd2 c4 17. dxc4 Rxc4 18. Qb3 Rac8 19. Rac1 e4 20. a4 bxa4 21. Qa2 Rxb4 22. Ne2 Rb2 23. Qa3 Rxd2 24. Rxc8+ Nxc8 25. Nd4 Nb6 26. Qc3 Rd3 27. Qc2 Nbxd5 28. Rb1 h5 29. Rb8+ Kh7 30. Bxe4 Rc3 31. Qb1 Nxe4 32. Qxe4 Nb6 33. Rxb6 axb6 34. Nf3 Qf5 35. Qa8 d5 36. Kg2 Rc2 37. h4 Qe4 38. Qxd5 Qxd5 0-1


[Site "https://www.chess.com"]

[Event "Titled Tuesday Blitz February 14 Late 2023"]
[White "Gerbelli Neto, Eduardo"]
[Black "Cori T., Deysi"]
[WhiteFideId "2103281"]
[BlackFideId "3801934"]
[WhiteElo "2114"]
[BlackElo "2362"]
[Result "0-1"]
[Round "04"]
[TimeControl "180+2"]
[Date "2023.02.14"]
[WhiteClock "0:00:59"]
[BlackClock "0:00:53"]

1. e4 e6 2. d4 d5 3. Nc3 Nf6 4. e5 Nfd7 5. Nf3 c5 6. dxc5 Nc6 7. Bf4 Bxc5 8. Bd3 h6 9. O-O g5 10. Bg3 g4 11. Nd2 Ndxe5 12. Bb5 Bd7 13. Bxc6 Nxc6 14. Qxg4 Qg5 15. Qxg5 hxg5 16. Nb5 f5 17. Nd6+ Ke7 18. Nxb7 Bd4 19. Bd6+ Kf6 20. c3 Bb6 21. Nc5 Bc8 22. Ndb3 Rd8 23. Bg3 f4 24. h4 fxg3 25. fxg3+ Kg6 26. hxg5 Na5 0-1


[Site "https://www.chess.com"]

[Event "Titled Tuesday Blitz February 14 Late 2023"]
[White "Piriflillo"]
[Black "O`Gorman, Tom"]
[BlackFideId "2508249"]
[WhiteElo "2322"]
[BlackElo "2355"]
[Result "1/2-1/2"]
[Round "04"]
[TimeControl "180+2"]
[Date "2023.02.14"]
[WhiteClock "0:00:21"]
[BlackClock "0:00:25"]

1. d4 d5 2. c4 e6 3. Nc3 Nf6 4. Bg5 Be7 5. e3 O-O 6. Bd3 Nbd7 7. Nf3 dxc4 8. Bxc4 a6 9. O-O b5 10. Bd3 Bb7 11. Rc1 c5 12. dxc5 Nxc5 13. Bc2 Qb6 14. Qe2 Rac8 15. a3 h6 16. Bf4 Nd5 17. Nxd5 Bxd5 18. Nd2 Bf6 19. e4 Bb7 20. e5 Be7 21. Be3 Qc6 22. f3 Qd5 23. Ne4 Qxe5 24. f4 Qd5 25. Rfd1 Qc4 26. Bd3 Nxd3 27. Rxc4 bxc4 28. Nf2 Nxf2 29. Bxf2 Bd5 30. Bd4 Bc5 31. Bxc5 Rxc5 32. Qe3 Rb5 33. Qd4 Rfb8 34. Rd2 Rb3 35. f5 h5 36. f6 g6 37. Qf4 Kh7 38. Qc7 R8b7 39. Qd8 Rb8 40. Qe7 R3b7 41. Qd6 Rb6 42. Qc7 R6b7 43. Qd6 Rb6 44. Qc7 R6b7 45. Qd6 1/2-1/2


[Site "https://www.chess.com"]

[Event "Titled Tuesday Blitz February 14 Late 2023"]
[White "Bilan, Danila"]
[Black "Guzman Moneo, Alberto"]
[WhiteFideId "24161918"]
[BlackFideId "2209616"]
[WhiteElo "2303"]
[BlackElo "2170"]
[Result "0-1"]
[Round "04"]
[TimeControl "180+2"]
[Date "2023.02.14"]
[WhiteClock "0:00:07"]
[BlackClock "0:00:38"]

1. d4 Nf6 2. Nf3 c5 3. e3 g6 4. c4 Bg7 5. Nc3 O-O 6. Be2 cxd4 7. Nxd4 d5 8. O-O Nc6 9. b3 Nxd4 10. exd4 dxc4 11. bxc4 Bf5 12. Be3 Ne4 13. Nxe4 Bxe4 14. Bd3 Bxd3 15. Qxd3 Rc8 16. Rab1 b6 17. d5 Qc7 18. Rbc1 Rfd8 19. Rfd1 Qd7 20. g3 h5 21. Qe4 Bf6 22. Kg2 Kg7 23. h4 Re8 24. Bd4 Qd6 25. Re1 Kg8 26. c5 bxc5 27. Bxf6 Qxf6 28. Rc4 Qd6 29. Re3 Rc7 30. Rd3 Rd8 31. Rcc3 Qf6 32. f4 Rd6 33. Qe5 Kg7 34. Kf3 Rdd7 35. Ke4 Rd6 36. Rc4 Rdd7 37. Rdc3 e6 38. d6 Rc6 39. Rxc5 Rcxd6 40. Qxf6+ Kxf6 41. Rc7 Rd4+ 42. Ke3 Rxc7 43. Rxc7 Ra4 44. Rc2 Ra3+ 45. Kf2 a5 46. Rb2 a4 47. Kg2 Kf5 48. Kf2 e5 49. fxe5 Kxe5 50. Rb5+ Kf6 51. Rb2 Kf5 52. Rb5+ Kg4 53. Rb4+ Kh3 54. Rb2 Rxg3 55. Rb1 Rg2+ 56. Kf3 Rxa2 57. Rh1+ Rh2 58. Ra1 Kxh4 59. Rxa4+ Kg5 60. Ra5+ Kh6 61. Kf4 Rh4+ 62. Ke5 Rg4 63. Kf6 Rf4+ 64. Ke5 Rf5+ 0-1


[Site "https://www.chess.com"]

[Event "Titled Tuesday Blitz February 14 Late 2023"]
[White "Cruz Gomez, Miguel Angel"]
[Black "Bolourchifard, Farzad"]
[WhiteFideId "5137160"]
[BlackFideId "12510084"]
[WhiteElo "1950"]
[BlackElo "2292"]
[Result "0-1"]
[Round "04"]
[TimeControl "180+2"]
[Date "2023.02.14"]
[WhiteClock "0:00:15"]
[BlackClock "0:00:16"]

1. e4 e5 2. Bc4 Nf6 3. d3 Bc5 4. Nc3 d6 5. f4 Nc6 6. f5 Na5 7. Qf3 a6 8. Nge2 b5 9. Bb3 Nxb3 10. axb3 Bb7 11. Bg5 c6 12. g4 d5 13. Ng3 Qd6 14. Bd2 O-O-O 15. O-O-O Qc7 16. g5 Ne8 17. Nh5 Bb4 18. Rhe1 d4 19. Ne2 Bxd2+ 20. Rxd2 c5 21. Kb1 Kb8 22. Nc1 Rc8 23. Ng3 Nd6 24. h4 Qb6 25. h5 Rc7 26. h6 g6 27. fxg6 fxg6 28. Rf2 Rhc8 29. Qg2 c4 30. dxc4 bxc4 31. bxc4 Nxc4 32. Nd3 Ne3 33. Rxe3 dxe3 34. Rf6 Qd4 35. Qe2 Rxc2 36. Qxc2 Rxc2 37. Kxc2 Qc4+ 0-1


[Site "https://www.chess.com"]

[Event "Titled Tuesday Blitz February 14 Late 2023"]
[White "Rottenwohrer Suarez, Juan"]
[Black "Rorrer, Grayson"]
[WhiteFideId "32068182"]
[BlackFideId "30944996"]
[WhiteElo "2265"]
[BlackElo "2263"]
[Result "1/2-1/2"]
[Round "04"]
[TimeControl "180+2"]
[Date "2023.02.14"]
[WhiteClock "0:00:06"]
[BlackClock "0:00:04"]

1. Nf3 d6 2. d4 g6 3. h4 Nf6 4. h5 Nxh5 5. e4 Bg7 6. Bc4 e6 7. Be2 Nd7 8. Nc3 b6 9. Bg5 Bf6 10. Qd2 Bb7 11. a4 a6 12. Bh6 Be7 13. Ng5 Nhf6 14. Bf3 e5 15. O-O-O exd4 16. Qxd4 Ne5 17. Kb1 Qd7 18. a5 b5 19. Bg7 Rg8 20. Bxf6 Bxf6 21. Nxh7 Bg7 22. Nd5 Qd8 23. Qe3 Bxd5 24. exd5 Qe7 25. Ng5 Nc4 26. Qxe7+ Kxe7 27. Rhe1+ Kd8 28. Nxf7+ Kc8 29. Bg4+ Kb7 30. c3 Nxa5 31. Re7 Bf6 32. Nxd6+ Kb8 33. Re6 Bd8 34. Nf7 Nb7 35. Nxd8 Nxd8 36. Re7 Nb7 37. Rd7 Nd6 38. Re7 Ra7 39. Re6 a5 40. Rde1 g5 41. Rf6 b4 42. Rfe6 bxc3 43. bxc3 Rb7+ 44. Kc2 Ka7 45. Rb1 Rxb1 46. Kxb1 a4 47. Ka2 Kb6 48. Re7 Nb5 49. c4 Nd6 50. c5+ Kxc5 51. Rxc7+ Kxd5 52. Ra7 Nb5 53. Ra5 Kc6 54. Bd7+ Kxd7 55. Rxb5 Rf8 56. f3 g4 57. fxg4 Rf2+ 58. Ka3 Rxg2 59. Kxa4 Rxg4+ 60. Rb4 Rxb4+ 61. Kxb4 1/2-1/2


[Site "https://www.chess.com"]

[Event "Titled Tuesday Blitz February 14 Late 2023"]
[White "Papasimakopoulos, Alexandros"]
[Black "Dzierzak, Radoslaw"]
[WhiteFideId "4244125"]
[BlackFideId "1161407"]
[WhiteElo "2401"]
[BlackElo "2220"]
[Result "1-0"]
[Round "04"]
[TimeControl "180+2"]
[Date "2023.02.14"]
[WhiteClock "0:00:16"]
[BlackClock "0:00:03"]

1. d4 Nf6 2. c4 e6 3. Nc3 Bb4 4. Qc2 O-O 5. a3 Bxc3+ 6. Qxc3 d5 7. Nf3 dxc4 8. Qxc4 b6 9. Bg5 Ba6 10. Qa4 Qd7 11. Qc2 Qc6 12. Qxc6 Nxc6 13. Bxf6 gxf6 14. Rc1 Na5 15. b4 Nb7 16. e3 Bxf1 17. Rxf1 c5 18. Ke2 cxb4 19. axb4 Rfc8 20. Nd2 Nd6 21. Kd3 Kf8 22. Ne4 Ke7 23. Nxd6 Kxd6 24. Rxc8 Rxc8 25. Ra1 Rc7 26. g4 Kd7 27. h4 Kc8 28. g5 f5 29. f3 Kb7 30. b5 Rc8 31. e4 f4 32. Ra4 Rc1 33. d5 Rh1 34. d6 Rd1+ 35. Kc3 Rxd6 36. e5 Rd5 37. Rxf4 Rxb5 38. Rxf7+ Kc6 39. f4 a5 40. Rxh7 a4 41. g6 a3 42. Ra7 Rb1 43. Rxa3 Rg1 44. h5 Kd5 45. Ra7 Ke4 46. g7 Kf5 47. h6 b5 48. h7 b4+ 49. Kxb4 1-0


[Site "https://www.chess.com"]

[Event "Titled Tuesday Blitz February 14 Late 2023"]
[White "Mayaud, Raphael"]
[Black "Firat, Burak"]
[WhiteFideId "627151"]
[BlackFideId "6305881"]
[WhiteElo "2201"]
[BlackElo "2456"]
[Result "0-1"]
[Round "04"]
[TimeControl "180+2"]
[Date "2023.02.14"]
[WhiteClock "0:00:01"]
[BlackClock "0:02:13"]

1. d4 Nf6 2. Bg5 e6 3. e4 h6 4. Bxf6 Qxf6 5. c3 Qd8 6. Nd2 d5 7. Bd3 c5 8. exd5 Qxd5 9. Qf3 Qxf3 10. Ngxf3 Nc6 11. dxc5 Bxc5 12. O-O Ke7 13. Ne4 Bb6 14. Rad1 Rd8 15. Bc2 Bd7 16. Nd6 Rab8 17. Rfe1 a6 18. Nc4 Bc7 19. Nce5 Nxe5 20. Nxe5 Be8 21. f4 Rxd1 22. Rxd1 g5 23. g3 f6 24. Nd3 Bb5 25. fxg5 hxg5 26. Kg2 Bc6+ 27. Kg1 Bb6+ 28. Nf2 Rh8 29. Rd2 f5 30. Bb3 Kf6 31. Re2 e5 32. Bc4 e4 33. g4 f4 34. Kf1 Bxf2 35. Rxf2 e3 0-1


[Site "https://www.chess.com"]

[Event "Titled Tuesday Blitz February 14 Late 2023"]
[White "Lorenzo De La Riva, Lazaro"]
[Black "Gascon Del Nogal, Jose Rafael"]
[WhiteFideId "2268809"]
[BlackFideId "3902463"]
[WhiteElo "2404"]
[BlackElo "2459"]
[Result "0-1"]
[Round "04"]
[TimeControl "180+2"]
[Date "2023.02.14"]
[WhiteClock "0:00:09"]
[BlackClock "0:00:10"]

1. d4 Nf6 2. Nf3 g6 3. e3 Bg7 4. b4 d5 5. c4 O-O 6. Bb2 a5 7. b5 a4 8. Na3 c6 9. Rc1 Ne4 10. c5 b6 11. bxc6 bxc5 12. Nd2 Qa5 13. c7 Na6 14. f3 Nxd2 15. Qxd2 Qxc7 16. dxc5 Bxb2 17. Qxb2 Nxc5 18. Qc3 Qa5 19. Kf2 Qxc3 20. Rxc3 Ne6 21. Bb5 Ba6 22. Bc6 Rac8 23. Rhc1 d4 24. exd4 Nxd4 25. Bxa4 Ra8 26. Bd1 e5 27. Nc2 Ne6 28. Nb4 Bb7 29. a4 Rfd8 30. Ke3 Nf4 31. g3 Ne6 32. h4 Rd4 33. Nd3 e4 34. fxe4 Rxe4+ 35. Kf2 Nd4 36. Nc5 Re7 37. Nxb7 Rxb7 38. Rc4 Rb2+ 39. Kg1 Nf5 40. Bf3 Rab8 41. Rc8+ Rxc8 42. Rxc8+ Kg7 43. a5 Ra2 44. Rc5 Nxg3 45. h5 gxh5 46. Bxh5 Nxh5 47. Rxh5 Kg6 48. Rb5 f5 49. Rb6+ Kg5 50. a6 h5 51. Rd6 h4 52. Re6 Kg4 53. Rg6+ Kh3 54. Kf1 f4 55. Rf6 Kg4 56. Rg6+ Kf3 57. Kg1 h3 58. Kh1 Ke3 59. Rh6 f3 60. Re6+ Kf4 61. Rf6+ Kg3 62. Rg6+ Kf2 63. Rf6 Ke2 64. Re6+ Kf1 65. Rf6 f2 66. Rb6 Ra3 67. Rb1+ Ke2 68. Rb2+ Kf3 69. Rb1 Rxa6 70. Rb3+ Ke2 71. Rb2+ Kf3 72. Rb3+ Kg4 73. Rb1 Re6 74. Kh2 Re1 75. Rb4+ Kf3 76. Rb3+ Re3 77. Rb4 Re1 78. Rf4+ Kxf4 0-1


[Site "https://www.chess.com"]

[Event "Titled Tuesday Blitz February 14 Late 2023"]
[White "Haydon, David L"]
[Black "Meunier-Pion, Jean"]
[WhiteFideId "415405"]
[BlackFideId "20685327"]
[WhiteElo "2253"]
[BlackElo "2215"]
[Result "1-0"]
[Round "04"]
[TimeControl "180+2"]
[Date "2023.02.14"]
[WhiteClock "0:01:32"]
[BlackClock "0:00:02"]

1. c4 e5 2. Nc3 Nf6 3. g3 d5 4. cxd5 Nxd5 5. Bg2 Nb6 6. d3 Be7 7. Nf3 Nc6 8. O-O O-O 9. a3 Re8 10. Be3 Bf8 11. Rc1 Bg4 12. h3 Be6 13. Ng5 Bd7 14. Qb3 Be6 15. Nxe6 Rxe6 16. Nd5 Rb8 17. Nxb6 axb6 18. Bd5 Re7 19. Bg5 Nd4 20. Bxe7 Nxb3 21. Bxd8 Nxc1 22. Bxc7 Nxe2+ 23. Kg2 Rc8 24. Bxb6 Rc2 25. b4 Rc3 26. Ra1 Rxd3 27. Bxb7 g6 28. b5 Rb3 29. a4 Nd4 30. Bd5 Rb2 31. Rc1 Nc2 32. a5 Bb4 33. a6 Bd2 34. Rxc2 Rxc2 35. a7 Ra2 36. a8=Q+ Rxa8 37. Bxa8 Kg7 38. Be3 Ba5 39. b6 Kf6 40. b7 Bc7 41. Bb6 Bb8 42. Kf3 Ke6 43. Ke4 f5+ 44. Kd3 Kd5 45. Be3 f4 46. gxf4 exf4 47. Bd4 g5 48. f3 Ke6 49. Ke4 h5 50. Bg7 Kf7 51. Be5 Bxe5 52. Kxe5 1-0


[Site "https://www.chess.com"]

[Event "Titled Tuesday Blitz February 14 Late 2023"]
[White "Risteski, Emil"]
[Black "Gatterer, Florian"]
[WhiteFideId "15005267"]
[BlackFideId "811688"]
[WhiteElo "2366"]
[BlackElo "2170"]
[Result "1-0"]
[Round "04"]
[TimeControl "180+2"]
[Date "2023.02.14"]
[WhiteClock "0:00:03"]
[BlackClock "0:00:01"]

1. f4 d5 2. Nf3 g6 3. e3 Bg7 4. Be2 Nf6 5. O-O O-O 6. d3 c5 7. Qe1 d4 8. e4 Ng4 9. Bd1 Nc6 10. e5 f6 11. h3 Ne3 12. Bxe3 dxe3 13. Qxe3 fxe5 14. fxe5 Nd4 15. Nc3 Be6 16. Rf2 b6 17. Ng5 Rxf2 18. Kxf2 Qc7 19. Nxe6 Nxe6 20. Bf3 Rf8 21. Nd5 Qxe5 22. Qxe5 Bxe5 23. c3 Bd6 24. Kg1 Ng5 25. Be2 e6 26. Ne3 Bf4 27. Nc4 b5 28. Na3 b4 29. Nc4 Rb8 30. Rf1 e5 31. Bd1 bxc3 32. bxc3 Kg7 33. Bb3 h5 34. h4 Nh7 35. Rf3 g5 36. hxg5 Nxg5 37. Rf1 h4 38. Re1 Nf7 39. Re2 Rd8 40. Bc2 Rb8 41. Kf2 Kf6 42. Bb3 a6 43. Nb2 a5 44. Nc4 a4 45. Bxa4 Rb1 46. Nd2 Bg3+ 47. Ke3 Bf4+ 48. Kf2 Bg3+ 49. Kf3 Ng5+ 50. Kg4 Rh1 51. Nf3 Nxf3 52. Kxf3 Rf1+ 53. Kg4 Rc1 54. Bb3 Rxc3 55. Bc4 Rc1 56. Rb2 Rf1 57. a4 Rf4+ 58. Kh3 e4 59. a5 e3 60. a6 Rf2 61. a7 Rxb2 62. a8=Q Rb1 63. Qf3+ Kg5 64. Qg4+ Kh6 65. Qe6+ Kh5 66. Qf5+ Kh6 67. Kg4 Re1 68. Qe6+ 1-0


[Site "https://www.chess.com"]

[Event "Titled Tuesday Blitz February 14 Late 2023"]
[White "Delorme, Axel"]
[Black "WindWhistler11"]
[WhiteFideId "632023"]
[WhiteElo "2483"]
[BlackElo "2627"]
[Result "1-0"]
[Round "04"]
[TimeControl "180+2"]
[Date "2023.02.14"]
[WhiteClock "0:00:51"]
[BlackClock "0:00:03"]

1. e4 e6 2. d4 d5 3. Nc3 Bb4 4. e5 Ne7 5. a3 Ba5 6. b4 Bb6 7. Nf3 Nbc6 8. Na4 Bd7 9. c3 O-O 10. Bd3 f5 11. exf6 gxf6 12. O-O Rf7 13. Re1 Kh8 14. Bh6 Qg8 15. Nc5 Bxc5 16. bxc5 Ng6 17. Rb1 b6 18. c4 Nce7 19. cxb6 axb6 20. Qc1 Rc8 21. c5 bxc5 22. Qxc5 Nc6 23. Bb5 Nge7 24. a4 Qg6 25. Bf4 Rg7 26. Bg3 f5 27. Qc1 Rf8 28. Bf1 Qh5 29. Ne5 Be8 30. Be2 1-0


[Site "https://www.chess.com"]

[Event "Titled Tuesday Blitz February 14 Late 2023"]
[White "Di Berardino, Diego Rafael"]
[Black "Haszon, David"]
[WhiteFideId "2105446"]
[BlackFideId "733610"]
[WhiteElo "2479"]
[BlackElo "2264"]
[Result "1-0"]
[Round "04"]
[TimeControl "180+2"]
[Date "2023.02.14"]
[WhiteClock "0:00:04"]
[BlackClock "0:00:13"]

1. e4 c5 2. Nf3 Nc6 3. d4 cxd4 4. Nxd4 Nf6 5. Nc3 e6 6. a3 d5 7. Bb5 Bd7 8. exd5 exd5 9. O-O Be7 10. Re1 O-O 11. Bg5 h6 12. Bh4 a6 13. Bf1 Rc8 14. Qd3 Bc5 15. Nb3 Be7 16. Rad1 Be6 17. Nd4 Nxd4 18. Qxd4 Qc7 19. Bg3 Qa5 20. Be5 Rfd8 21. Bd3 Ng4 22. Bg3 Bf6 23. Qf4 Bxc3 24. bxc3 Qxc3 25. Rxe6 fxe6 26. Qxg4 Rc6 27. Qg6 Qf6 28. Qh5 Rf8 29. f3 b5 30. Be5 Qf7 31. Qg4 a5 32. Rb1 Qa7+ 33. Bd4 Qe7 34. Qg3 b4 35. axb4 axb4 36. Rxb4 Rc7 37. Rb6 Re8 38. Be5 Rb7 39. Rxb7 Qxb7 40. Qg6 Qb1+ 41. Kf2 Qb6+ 42. Kg3 Re7 43. Qh7+ Kf7 44. Bg6+ Kf8 45. Qh8# 1-0


[Site "https://www.chess.com"]

[Event "Titled Tuesday Blitz February 14 Late 2023"]
[White "Miszler, Levente"]
[Black "Alvarez Calzadilla, Jose Avelino"]
[WhiteFideId "763276"]
[BlackFideId "3526151"]
[WhiteElo "2271"]
[BlackElo "2386"]
[Result "0-1"]
[Round "04"]
[TimeControl "180+2"]
[Date "2023.02.14"]
[WhiteClock "0:00:09"]
[BlackClock "0:00:25"]

1. Nf3 Nf6 2. c4 g6 3. g3 b6 4. Bg2 Bb7 5. O-O c5 6. Nc3 Bg7 7. d4 cxd4 8. Qxd4 O-O 9. Qh4 Re8 10. Rd1 d6 11. b3 Nbd7 12. Bb2 Rc8 13. Rac1 Rc5 14. Nd5 Qa8 15. e4 h6 16. Nd4 Ne5 17. f4 Ned7 18. Qh3 Bc8 19. Qh4 Bb7 20. Nb5 Qb8 21. b4 Rcc8 22. e5 dxe5 23. fxe5 Nxe5 24. Qf4 Nxd5 25. cxd5 Rxc1 26. Bxc1 Qc8 27. d6 Bxg2 28. d7 Nxd7 29. Kxg2 Qc6+ 30. Kg1 Qxb5 31. Qc7 Nf6 32. Rd8 Rxd8 33. Qxd8+ Qe8 34. Qc7 0-1


[Site "https://www.chess.com"]

[Event "Titled Tuesday Blitz February 14 Late 2023"]
[White "Fernandez, Maria Florencia"]
[Black "vjecspec"]
[WhiteFideId "116459"]
[WhiteElo "2129"]
[BlackElo "2552"]
[Result "1-0"]
[Round "04"]
[TimeControl "180+2"]
[Date "2023.02.14"]
[WhiteClock "0:00:08"]
[BlackClock "0:00:15"]

1. d4 g6 2. c4 Bg7 3. Nc3 c5 4. d5 Bxc3+ 5. bxc3 f5 6. e4 fxe4 7. f3 d6 8. h4 Nf6 9. Qc2 Qa5 10. Bd2 Nbd7 11. fxe4 Ne5 12. Nf3 Bg4 13. Nxe5 dxe5 14. Bd3 O-O-O 15. O-O h6 16. Rab1 Rdf8 17. Be3 b6 18. Rb5 Qa3 19. Rfb1 Ne8 20. R5b3 Qa4 21. Qb2 Nd6 22. Ra3 Qd7 23. Bxc5 Qc7 24. Be3 Kd7 25. c5 bxc5 26. Bb5+ Kd8 27. Bc6 Bc8 28. Bxc5 Nxe4 29. Bxa7 e6 30. Bb6 exd5 31. Bxc7+ Kxc7 32. Qb6+ Kd6 33. Bb7+ Ke7 34. Bxc8 Rxc8 35. Ra7+ 1-0


[Site "https://www.chess.com"]

[Event "Titled Tuesday Blitz February 14 Late 2023"]
[White "Vaglio Mattey, Emanuel"]
[Black "Nefedov, Sergey"]
[WhiteFideId "6504167"]
[BlackFideId "24113417"]
[WhiteElo "2155"]
[BlackElo "2300"]
[Result "0-1"]
[Round "04"]
[TimeControl "180+2"]
[Date "2023.02.14"]
[WhiteClock "0:00:04"]
[BlackClock "0:00:07"]

1. d4 Nf6 2. Nf3 g6 3. Bg5 Bg7 4. Nbd2 c5 5. e3 O-O 6. c3 b6 7. Be2 Bb7 8. O-O d6 9. a4 a6 10. a5 b5 11. dxc5 dxc5 12. Bxf6 exf6 13. Nb3 Qe7 14. Ne1 Rd8 15. Qc1 Nc6 16. Nd2 Ne5 17. Ndf3 Rd7 18. Nxe5 fxe5 19. Nd3 e4 20. Nf4 g5 21. Nh5 Be5 22. Ng3 Rad8 23. Rd1 Rxd1+ 24. Bxd1 Bxg3 25. hxg3 Qd7 26. Bh5 f5 27. Qd1 g4 28. Qe2 Kg7 29. c4 Kh6 30. cxb5 axb5 31. a6 Bc6 32. a7 Kxh5 33. Ra6 Qd1+ 34. Qxd1 Rxd1+ 35. Kh2 Ba8 36. Rb6 Ra1 37. Rxb5 Rxa7 38. Rxc5 Kg5 39. Rc8 Bd5 40. Rc5 Be6 41. b4 Ra2 42. Kg1 Ra1+ 43. Kh2 Rf1 44. b5 Rxf2 45. b6 Rb2 46. Rc6 Kf6 47. Kg1 Ke5 48. Kf1 Bd5 49. Rc7 Rxb6 50. Rxh7 Rb1+ 51. Kf2 Bc4 52. Re7+ Be6 53. Rc7 Rb2+ 54. Kg1 Re2 55. Rc3 Bd7 56. Kh2 Kd5 57. Ra3 Bb5 58. Rc3 Bd3 59. Rc8 Rxe3 60. Rd8+ Kc4 61. Rc8+ Kd4 62. Rb8 Re1 63. Rb4+ Kc3 64. Rc4+ Kd2 65. Rc2+ Ke3 66. Rc3 Re2 67. Rc5 Rc2 68. Rxf5 Kd2 69. Rf8 e3 70. Re8 e2 71. Rd8 Rc3 72. Rd7 Kc2 73. Rd6 e1=Q 74. Rxd3 Qe5 75. Rd6 Qxg3+ 76. Kg1 Qxd6 77. Kh1 Rd3 78. Kg1 g3 79. Kf1 Qf4+ 80. Ke2 Qe3+ 81. Kf1 Rd1# 0-1


[Site "https://www.chess.com"]

[Event "Titled Tuesday Blitz February 14 Late 2023"]
[White "Todev, Simeon"]
[Black "Pinheiro, Iung Alicio de O."]
[WhiteFideId "2925133"]
[BlackFideId "2104350"]
[WhiteElo "2033"]
[BlackElo "2306"]
[Result "1-0"]
[Round "04"]
[TimeControl "180+2"]
[Date "2023.02.14"]
[WhiteClock "0:00:03"]
[BlackClock "0:00:09"]

1. e4 c5 2. Nf3 Nc6 3. c3 Nf6 4. Bd3 d5 5. e5 Nd7 6. Qe2 c4 7. Bc2 Nc5 8. O-O Bg4 9. Re1 e6 10. b4 Nd7 11. Ba4 Be7 12. d4 cxd3 13. Qxd3 O-O 14. Bf4 Rc8 15. Nbd2 a5 16. a3 Nb6 17. Bb3 a4 18. Ba2 Bf5 19. Qe3 Qc7 20. Rac1 Rfd8 21. Bb1 Bxb1 22. Rxb1 Na7 23. Rbc1 Nb5 24. c4 Nxc4 25. Nxc4 dxc4 26. Bg5 Rd3 27. Qe4 Bf8 28. Bf6 Qc6 29. Qh4 Rxf3 30. gxf3 gxf6 31. Re4 f5 32. Rexc4 Qxc4 33. Rxc4 Ra8 34. Qg3+ Bg7 35. Rh4 Kh8 36. Qh3 h6 37. Kf1 Kh7 38. f4 Nxa3 39. Qxa3 Rc8 40. Rh3 Rc1+ 41. Kg2 Rc2 42. Rg3 Bf8 43. Qxa4 Rb2 44. Qe8 Bg7 45. Qxf7 Rxf2+ 46. Kxf2 1-0


[Site "https://www.chess.com"]

[Event "Titled Tuesday Blitz February 14 Late 2023"]
[White "Lopez Idarraga, Daniel Eduardo"]
[Black "Machidon, Cristi"]
[WhiteFideId "4405501"]
[BlackFideId "13904590"]
[WhiteElo "2009"]
[BlackElo "2301"]
[Result "1-0"]
[Round "04"]
[TimeControl "180+2"]
[Date "2023.02.14"]
[WhiteClock "0:00:07"]
[BlackClock "0:00:04"]

1. e4 e5 2. d4 exd4 3. c3 d3 4. c4 Nc6 5. Bxd3 Nf6 6. Nf3 Bb4+ 7. Bd2 Bxd2+ 8. Nbxd2 O-O 9. O-O d6 10. Re1 Re8 11. h3 a5 12. Nf1 Nd7 13. Ne3 Nc5 14. Nd5 Be6 15. Bf1 Bxd5 16. cxd5 Ne5 17. Nd4 Ng6 18. f3 Qf6 19. Nb5 Re7 20. Qd4 Qg5 21. Qe3 h6 22. Qxg5 hxg5 23. Rac1 Rae8 24. Re3 Nf4 25. Rec3 f5 26. g3 Nh5 27. g4 fxg4 28. hxg4 Nf4 29. b3 Rd7 30. a3 Ree7 31. b4 axb4 32. axb4 Na6 33. Rb1 Ng6 34. Nd4 Ne5 35. Bxa6 bxa6 36. Nc6 Nxc6 37. Rxc6 Rf7 38. Kg2 Rd8 39. Rxa6 Rb8 40. b5 Kh7 41. Ra7 Kg6 42. Kf2 Kf6 43. Ke3 Ke5 44. b6 Rbf8 45. Rf1 cxb6 46. Rxf7 Rxf7 47. Rc1 Ra7 48. Rc3 b5 49. Rb3 Ra5 50. Kd3 Kf4 51. Kd4 Ra4+ 52. Kd3 Kxf3 53. Rxb5 Rxe4 54. Rb6 Re1 55. Rxd6 Kxg4 56. Rg6 Re7 57. d6 Rd7 58. Ke4 Kh5 59. Re6 g4 60. Kf4 Kh4 61. Rg6 Rf7+ 62. Ke5 g3 63. Ke6 Ra7 64. d7 Ra6+ 65. Kf7 Rxg6 66. Kxg6 g2 67. d8=Q+ Kh3 68. Qd7+ Kh2 69. Qd6+ Kh1 70. Qd5 Kh2 71. Qd2 Kh1 72. Qd5 Kh2 73. Qe5+ Kh1 74. Qe4 Kh2 75. Qh4+ Kg1 76. Kxg7 Kf1 77. Qf4+ Ke2 78. Qg3 Kf1 79. Qf3+ Kg1 80. Kg6 Kh2 81. Qh5+ Kg1 82. Kf5 Kf2 83. Qh4+ Kf1 84. Qf4+ Ke2 85. Qg3 Kf1 86. Qf3+ Kg1 87. Kg4 Kh2 88. Qh3+ Kg1 89. Kg3 1-0


[Site "https://www.chess.com"]

[Event "Titled Tuesday Blitz February 14 Late 2023"]
[White "Kaganskiy, Gleb"]
[Black "Sanchez Alvares, Kelvin Antonio"]
[WhiteFideId "4132025"]
[BlackFideId "3906680"]
[WhiteElo "2205"]
[BlackElo "2243"]
[Result "0-1"]
[Round "04"]
[TimeControl "180+2"]
[Date "2023.02.14"]
[WhiteClock "0:00:02"]
[BlackClock "0:00:25"]

1. e4 e5 2. Nf3 Nc6 3. Nc3 Bc5 4. Nxe5 Nxe5 5. d4 Bd6 6. dxe5 Bxe5 7. Bd3 Nf6 8. O-O d6 9. f4 Bd4+ 10. Kh1 O-O 11. Ne2 Bc5 12. Ng3 Re8 13. h3 Bd7 14. Qf3 Bc6 15. Bd2 d5 16. e5 Ne4 17. Be3 Bxe3 18. Qxe3 d4 19. Qe1 Nc5 20. Nh5 Nd7 21. Qg3 g6 22. Rae1 Kh8 23. Qg4 gxh5 24. Qxh5 Nf8 25. f5 f6 26. e6 Qe7 27. Rf4 Nd7 28. Rh4 Rg8 29. Re2 Nc5 30. Kh2 Rg5 31. Qh6 Nxd3 32. cxd3 Rag8 33. g4 Qd6+ 34. Kg1 Qg3+ 35. Kf1 Rxf5+ 36. Rf2 Qxf2# 0-1


[Site "https://www.chess.com"]